Map: Ruby Rock LE

Players

Rein

  • Race: Protoss Protoss
  • League: Diamond
  • Spawn Location: 11:00

HoldTheDoor - Winner!

  • Race: Protoss Protoss
  • League: Diamond
  • Spawn Location: 5:00

VOD

Have the link to the VOD?

Description

Time

  • Played on: May 11, 2026, 9:16 a.m.
  • Length: 10:02
Show
View Real Time Build Order
Export as new Build Order

Rein Protoss 

Build Orders:  

Get SALT Encoding   

  12  0:02  Probe  
  13  0:14  Probe  
  13  0:19  Pylon  
  14  0:27  Probe  
  15  0:39  Probe  
  16  0:53  Gateway  
  16  0:59  Assimilator  
  16  1:05  Gateway, Probe  
  17  1:13  Probe, Assimilator  
  18  1:23  Probe  
  19  1:31  Probe  
  19  1:32  Pylon  
  19  1:39  Probe  
  21  1:51  Cybernetics Core  
  21  1:52  Probe  
  22  2:04  Probe  
  23  2:12  Gateway  
  23  2:16  Probe  
  23  2:19  Warp Gate, Pylon  
  24  2:25  Stalker  
  24  2:28  Probe  
  27  2:32  Stalker  
  29  2:52  Stalker  
  29  2:55  Stalker  
  31  2:59  Stalker  
  31  3:04  Pylon  
  35  3:15  Pylon  
  35  3:34  Robotics Facility  
  35  3:46  Twilight Council  
  35  3:56  Zealot x2  
  35  4:01  Pylon  
  39  4:10  Zealot  
  39  4:13  Immortal  
  39  4:15  Probe  
  42  4:22  Charge  
  46  4:39  Probe  
  47  4:46  Nexus  
  47  4:53  Probe  
  47  4:56  Zealot  
  50  5:01  Zealot  
  52  5:10  Zealot  
  54  5:20  Warp Prism  
  54  5:27  Probe  
  57  5:38  Gateway  
  57  5:39  Probe  
  58  5:52  Probe  
  59  6:04  Probe  
  56  6:17  Probe, Zealot x3  
  53  6:18  Probe  
  54  6:26  Pylon  
  54  6:29  Probe  
  54  6:30  Probe  
  54  6:33  Blink  
  54  6:35  Stalker  
  56  6:40  Forge  
  56  6:41  Probe  
  56  6:43  Probe  
  58  6:47  Stalker  
  58  6:53  Probe  
  61  6:55  Probe, Assimilator  
  61  7:00  Assimilator  
  62  7:05  Probe  
  63  7:11  Zealot x4  
  71  7:16  Photon Cannon  
  71  7:31  Photon Cannon  
  71  7:35  Photon Cannon x2  
  71  7:37  Probe  
  72  7:38  Photon Cannon  
  72  7:43  Protoss Ground Weapons Level 1  
  72  7:47  Probe  
  72  7:49  Probe  
  72  7:50  Dark Shrine  
  74  8:00  Probe  
  74  8:01  Probe  
  76  8:09  Gateway  
  76  8:12  Probe  
  77  8:13  Gateway  
  77  8:25  Gateway, Pylon  
  77  8:30  Pylon  
  77  8:48  Pylon  
  77  8:53  Nexus  
  77  9:02  Dark Templar  
  79  9:03  Dark Templar x3  
  85  9:12  Dark Templar x2  
  89  9:29  Photon Cannon  
  89  9:35  Dark Templar x3  
  89  9:36  Dark Templar  
  92  9:47  Dark Templar  
Show
View Real Time Build Order
Export as new Build Order

HoldTheDoor Protoss - Winner!

Build Orders:  

Get SALT Encoding   

  12  0:00  Probe  
  13  0:12  Probe  
  14  0:18  Pylon  
  14  0:24  Probe  
  15  0:32  Probe  
  15  0:39  Gateway  
  15  0:40  Probe  
  16  0:48  Assimilator  
  17  0:54  Assimilator  
  17  1:04  Probe  
  18  1:12  Gateway  
  18  1:32  Cybernetics Core  
  18  1:51  Pylon  
  18  1:53  Probe  
  19  1:54  Warp Gate  
  19  2:05  Stalker x2  
  23  2:11  Probe  
  24  2:23  Probe  
  24  2:26  Pylon  
  25  2:40  Stalker  
  25  2:42  Sentry  
  29  2:47  Probe  
  30  3:00  Nexus  
  30  3:05  Probe  
  31  3:42  Probe  
  31  3:47  Stargate  
  32  3:49  Shield Battery  
  32  3:54  Probe  
  33  3:57  Robotics Facility  
  33  4:07  Probe  
  33  4:09  Shield Battery  
  34  4:17  Stalker  
  34  4:19  Probe, Stalker  
  40  4:24  Probe  
  40  4:31  Probe  
  41  4:34  Pylon  
  41  4:36  Probe  
  42  4:41  Phoenix  
  42  4:43  Stalker  
  46  4:46  Zealot  
  46  4:47  Probe  
  49  4:59  Probe  
  50  5:01  Probe, Pylon  
  51  5:08  Immortal  
  51  5:12  Probe  
  56  5:28  Probe  
  56  5:33  Forge  
  56  5:34  Phoenix  
  59  5:35  Probe  
  59  5:37  Pylon  
  59  5:40  Sentry  
  59  5:41  Pylon, Sentry  
  59  5:42  Probe  
  65  5:47  Probe  
  66  5:54  Probe  
  67  5:59  Oracle  
  70  6:08  Photon Cannon  
  68  6:29  Stalker  
  68  6:30  Stalker  
  68  6:31  Probe  
  73  6:38  Probe  
  74  6:46  Probe, Photon Cannon  
  75  6:50  Photon Cannon  
  75  6:56  Photon Cannon  
  79  7:01  Probe  
  79  7:02  Void Ray, Probe  
  81  7:16  Protoss Ground Weapons Level 1  
  81  7:19  Probe  
  82  7:24  Assimilator  
  82  7:25  Zealot x2  
  86  7:32  Gateway  
  86  7:33  Gateway  
  86  7:34  Gateway  
  86  7:36  Pylon  
  86  7:38  Gateway, Pylon  
  86  7:41  Pylon  
  86  7:45  Pylon  
  86  7:47  Pylon  
  86  7:50  Nexus  
  86  7:51  Pylon  
  86  7:54  Observer  
  87  8:01  Zealot x2  
  87  8:02  Pylon  
  91  8:05  Twilight Council  
  91  8:11  Probe x2  
  91  8:12  Immortal  
  97  8:23  Probe x2  
  99  8:40  Photon Cannon  
  99  8:41  Photon Cannon  
  99  8:42  Shield Battery  
  99  8:43  Shield Battery  
  99  8:44  Probe  
  99  8:46  Zealot x3  
  99  8:47  Pylon  
  106  8:49  Sentry x2  
  106  8:50  Warp Prism  
  110  8:57  Pylon  
  105  9:52  Zealot x6  
Tags
 
Matchup
PvP
Replay Pack
SC2Mai2026
Spawn Locations
Cross Positions
Add a new tag
Caveats
  • Supply blocks, unpowered buildings, or Contaminate may cause inaccurate times.
  • Supply counts are checked every 10 seconds.